 Dungeon Crawl Stone Soup version 0.29.0-4-gdea44cf6ec (webtiles) character file.

Game seed: 9037408378205080205

2003 gelatine the Shooter (level 9, 0/60 (67) HPs)
             Began as a Demonspawn Venom Mage on Aug 28, 2022.
             Slain by a wight
             ... wielding a +5 battleaxe
              (7 damage)
             ... on level 7 of the Dungeon.
             The game lasted 00:25:46 (8687 turns).

gelatine the Shooter (Demonspawn Venom Mage)        Turns: 8687, Time: 00:25:46

HP:   0/60 (67)     AC:  6    Str:  8    XL:     9   Next: 2%
MP:   14/14         EV: 14    Int: 17    God:
Gold: 350           SH:  4    Dex: 24    Spells: 13/14 levels left

rFire   . . .      SeeInvis .   d - +0 sling (freeze)
rCold   . . .      Faith    .   (no shield)
rNeg    . . .      Spirit   .   a - +0 robe
rPois   +          Reflect  .   u - +0 helmet
rElec   .          Harm     .   H - +0 cloak {rPois}
rCorr   .          Rampage  .   (no gloves)
Will    +....                   (no boots)
Stlth   +++.......              (no amulet)
HPRegen 0.20/turn               f - ring of willpower
MPRegen 0.14/turn               y - +6 ring of dexterity

@: heavily drained
A: rugged brown scales 2, foul stench 1, condensation shield, demonic touch 2
a: no special abilities


You were on level 7 of the Dungeon.
You visited 1 branch of the dungeon, and saw 7 of its levels.

You collected 350 gold pieces.

Inventory:

Hand Weapons
 d - a +0 sling of freezing (weapon)
 k - a +1 short sword of draining
 q - a +2 whip of venom
 w - a +2 quarterstaff of chaos
 z - a +3 halberd
Missiles
 E - a throwing net
 G - a curare-tipped dart
 I - 12 boomerangs of dispersal
 J - 6 poisoned darts
 K - 3 boomerangs
Armour
 a - a +0 robe (worn)
 u - a +0 helmet (worn)
 C - a +0 buckler
 H - a +0 cloak of poison resistance (worn)
Jewellery
 f - a ring of willpower (left hand)
 p - an amulet of faith
 r - a +6 ring of intelligence
 y - a +6 ring of dexterity (right hand)
 A - a +6 ring of intelligence
Wands
 s - a wand of quicksilver (21)
 B - a wand of polymorph (3)
Scrolls
 c - a scroll of brand weapon {unknown}
 e - a scroll of teleportation
 g - 3 scrolls of noise {unknown}
 h - 2 scrolls of poison {unknown}
 i - 2 scrolls of torment {unknown}
 j - 3 scrolls of enchant weapon {unknown}
 m - 3 scrolls of immolation {unknown}
 n - a scroll of amnesia {unknown}
 o - 2 scrolls of vulnerability
 D - a scroll of enchant armour {unknown}
Potions
 b - a potion of magic
 l - a potion of cancellation
 t - 4 potions of mutation
 v - a potion of lignification
 x - a potion of curing
 F - a potion of flight


   Skills:
 + Level 3.4 Fighting
 + Level 0.9 Polearms
 + Level 7.8 Ranged Weapons
 + Level 3.4 Dodging
 + Level 2.5 Stealth
 + Level 1.6 Shields
 + Level 3.4 Spellcasting
 + Level 2.3 Transmutations
 + Level 4.4 Poison Magic
 + Level 0.3 Evocations


You had 13 spell levels left.
You knew the following spells:

 Your Spells              Type           Power      Damage    Failure   Level
a - Sting                 Tmut/Pois      56%        1d5       4%          1

Your spell library contained the following spells:

 Spells                   Type           Power      Damage    Failure   Level
 Poisonous Vapours        Pois/Air       20%        N/A       10%         2
 Mephitic Cloud           Conj/Pois/Air  8%         N/A       26%         3
 Olgreb's Toxic Radiance  Pois           18%        N/A       26%         4


Dungeon Overview and Level Annotations

Branches:
Dungeon (7/15)
 Temple: D:4-7

Altars:
Gozag
Hepliaklqana
Nemelex Xobeh
Okawaru
Qazlal

Shops:
D:2 ?


Innate Abilities, Weirdness & Mutations

You are mostly covered in rugged brown scales. (AC +2, +5% HP)
You may rarely emit foul miasma when damaged in melee.
A meltable shield of frost defends you. (SH +4)
Your touch may inflict irresistible damage on your foes.


Message History

The sling bullet barely misses the wight.
The wight misses you.
You shoot a sling bullet.
The sling bullet barely misses the wight.
You block the wight's attack.
You shoot a sling bullet. The sling bullet hits the wight.
The wight is heavily damaged.
The wight hits you with a +5 battleaxe!
You are too injured to fight recklessly!
You are too injured to fight recklessly!
You are too injured to fight recklessly!
Fire: d) +0 sling (freeze)
Press: ? - help, Q - select action, (/) - cycle Shift-Dir - straight line, f/p - wight
Aim: a wight, wielding a +5 battleaxe and wearing a +0 robe (heavily damaged, 66% to hit)
You shoot a sling bullet.
The sling bullet completely misses the wight.
You block the wight's attack.
Fire: d) +0 sling (freeze)
Press: ? - help, Q - select action, (/) - cycle Shift-Dir - straight line, f/p - wight
Aim: a wight, wielding a +5 battleaxe and wearing a +0 robe (heavily damaged, 66% to hit)
You shoot a sling bullet. The sling bullet hits the wight.
The wight is severely damaged.
The wight closely misses you.
Fire: d) +0 sling (freeze)
Press: ? - help, Q - select action, (/) - cycle Shift-Dir - straight line, f/p - wight
Aim: a wight, wielding a +5 battleaxe and wearing a +0 robe (severely damaged, 66% to hit)
You shoot a sling bullet.
The sling bullet closely misses the wight.
The wight hits you with a +5 battleaxe!
* * * LOW HITPOINT WARNING * * *
You feel drained.
* * * LOW HITPOINT WARNING * * *
Fire: d) +0 sling (freeze)
Press: ? - help, Q - select action, (/) - cycle Shift-Dir - straight line, f/p - wight
Aim: a wight, wielding a +5 battleaxe and wearing a +0 robe (severely damaged, 66% to hit)
You shoot a sling bullet.
The sling bullet hits the wight but does no damage.
The wight is severely damaged.
The wight hits you with a +5 battleaxe!
You die...

... )... .. ....#
.# .....# .# #
...>..#### #.# #..
..$......###..#....
.......<........#.#
.....###.......>...
...........@.......
# ###.......z).....
#...#...#.#......
##...............
+..##.##...#.....
#. ... #.#.......
.... ....#..... ...
## ##...).


You could see a wight.

Vanquished Creatures
  Grinder (D:4)
  Edmund (D:5)
  Duvessa (D:4)
  2 water moccasins (D:5)
  An orc warrior (D:6)
  2 ogres
  2 phantoms
  2 bullfrogs (D:6)
  A kobold brigand (D:6)
  A necrophage (D:5)
  Dowan (D:4)
  A howler monkey (D:6)
  2 jellies
  4 orc priests
  A gnoll bouda (D:6)
  Crazy Yiuf (D:5)
  5 orc wizards (D:6)
  6 gnolls
  9 adders
  A shadow imp (D:6)
  16 orcs
  6 ball pythons
  5 bats
  3 endoplasms (D:1)
  3 giant cockroaches
  10 goblins
  9 hobgoblins
  3 jackals (D:2)
  3 quokkas
  4 frilled lizards
  19 kobolds
  7 rats
  A spectral hobgoblin (D:5)
134 creatures vanquished.

Vanquished Creatures (others)
  An adder (D:6)
  6 fungi (D:6)
7 creatures vanquished.

Grand Total: 141 creatures vanquished

Notes
Turn   | Place    | Note
-------+----------+-------------------------------------------
     0 | D:1      | gelatine the Demonspawn Venom Mage began the quest for the
                  | Orb.
     0 | D:1      | Reached XP level 1. HP: 13/13 MP: 3/3
   583 | D:1      | Gained mutation: You are partially covered in rugged brown
                  | scales. (AC +1, +3% HP) [demonic ancestry]
   583 | D:1      | Reached XP level 2. HP: 13/19 MP: 1/5
   771 | D:1      | Found a faded altar of an unknown god.
   855 | D:1      | Reached skill level 1 in Ranged Weapons
   855 | D:1      | Gained mutation: You are mostly covered in rugged brown
                  | scales. (AC +2, +5% HP) [demonic ancestry]
   855 | D:1      | Reached XP level 3. HP: 19/25 MP: 6/6
  1249 | D:2      | Reached skill level 1 in Transmutations
  1792 | D:2      | Found Olurph's Magic Scroll Boutique.
  2520 | D:3      | Gained mutation: Your touch may inflict minor irresistible
                  | damage on your foes. [demonic ancestry]
  2520 | D:3      | Reached XP level 4. HP: 32/32 MP: 7/7
  2786 | D:3      | Reached skill level 1 in Fighting
  2904 | D:3      | Reached skill level 2 in Ranged Weapons
  3253 | D:4      | Noticed Grinder
  3372 | D:4      | Noticed an ogre
  3384 | D:4      | Killed an ogre
  3385 | D:4      | Reached skill level 3 in Ranged Weapons
  3385 | D:4      | Gained mutation: Your touch may inflict irresistible damage
                  | on your foes. [demonic ancestry]
  3385 | D:4      | Reached XP level 5. HP: 38/38 MP: 3/8
  3498 | D:4      | Found an opulent altar of Gozag.
  3559 | D:4      | Noticed Duvessa
  3561 | D:4      | Noticed Dowan
  3578 | D:4      | Killed Duvessa
  3579 | D:4      | Gained mutation: A meltable shield of frost defends you.
                  | (SH +4) [demonic ancestry]
  3579 | D:4      | Reached XP level 6. HP: 6/46 MP: 5/10
  3586 | D:5      | Entered Level 5 of the Dungeon
  3586 | D:5      | Noticed Edmund
  3592 | D:5      | HP: 2/46 [Edmund/bolt of dispelling energy (6)]
  3947 | D:4      | Killed Dowan
  4057 | D:4      | Reached skill level 4 in Ranged Weapons
  4458 | D:4      | Reached skill level 1 in Shields
  4458 | D:4      | Reached XP level 7. HP: 15/52 MP: 11/11
  4917 | D:4      | Killed Grinder
  4918 | D:4      | Reached skill level 5 in Ranged Weapons
  5248 | D:5      | HP: 1/53 [Edmund/+4 flail of holy wrath (4)]
  5258 | D:5      | Killed Edmund
  5590 | D:5      | Found a runed translucent door.
  5591 | D:5      | Noticed Crazy Yiuf
  5710 | D:5      | Gained mutation: You may rarely emit foul miasma when
                  | damaged in melee. [demonic ancestry]
  5710 | D:5      | Reached XP level 8. HP: 59/59 MP: 8/13
  5794 | D:5      | Reached skill level 6 in Ranged Weapons
  5850 | D:5      | Found an iron altar of Okawaru.
  6335 | D:5      | Found a hazy altar of Hepliaklqana.
  6530 | D:5      | Killed Crazy Yiuf
  6652 | D:6      | HP: 2/60 [orc warrior/+0 dire flail (18)]
  6655 | D:6      | Reached skill level 7 in Ranged Weapons
  7814 | D:6      | Found a stormy altar of Qazlal.
  8109 | D:6      | Found a sparkling altar of Nemelex Xobeh.
  8427 | D:6      | Reached XP level 9. HP: 32/67 MP: 14/14
  8687 | D:7      | Slain by a wight

Illustrated notes

Levels and vault maps discovered:
D:1:      shiori_shiawase, layout_rooms, hellmonk_ecumenical_altar_crossroads,
          nicolae_grassy_gnolls
D:2:      layout_basic, serial_shops, nicolae_shop_statue_plus,
          serial_park_tiny_pond
D:3:      layout_loops_ring, kennysheep_generic_room_2
D:4:      layout_basic, mainiacjoe_overflow_brackets, uniq_duvessa, uniq_grinder
D:5:      layout_rooms, mainiacjoe_overflow_24_doors,
          nicolae_hepliaklqana_monster_ancestors, enter_ossuary_5,
          grunt_decor_one_mirror, uniq_crazy_yiuf_cottage, uniq_edmund
D:6:      layout_loops_ring, mainiacjoe_overflow_chevrons,
          nemelex_diamond_rough_becter, minmay_unpleasant_kobolds
D:7:      layout_rooms, good_gods_temple_1, minmay_temple_entry_glassed_door,
          ebering_ghost_rock_garden

Skill      XL: |  1  2  3  4  5  6  7  8 |
---------------+-------------------------+-----
Ranged Weapons | 1 3 4 5 7 |  7.8
Transmutations | 1 2 |  2.3
Stealth        | 2 |  2.5
Dodging        | 2 3 |  3.4
Fighting       | 1 2 3 |  3.4
Spellcasting   | 3 |  3.4
Shields        | 1 |  1.6
Poison Magic   | 4 |  4.4
Polearms       | |  0.9
Evocations     | |  0.3

Action                   |  1- 3 |  4- 6 |  7- 9 || total
-------------------------+-------+-------+-------++-------
Melee: Dagger            |    15 |       |       ||    15
       Unarmed           |     2 |       |       ||     2
       Halberd           |       |       |     4 ||     4
 Fire: Sling             |   100 |   120 |   273 ||   493
 Cast: Sting             |    23 |    25 |    29 ||    77
Evoke: Wand              |       |     1 |     1 ||     2
  Use: Scroll            |       |     7 |     9 ||    16
       Potion            |       |     2 |     7 ||     9
Armor: Robe              |    34 |    14 |    25 ||    73
Dodge: Dodged            |    78 |    56 |    90 ||   224
Block: Other             |       |     5 |    24 ||    29
